PAAA
BANGOR TRIDENT BASE OGRES @ BLOOMINGTON LONGNECKS
08/20/2022
 
TOP OF THE 1ST
Bangor Trident Base Ogres batting - Pitching for Bloomington Longnecks : RHP Ron Stone
Pitching: RHP Ron Stone
Batting: RHB Elvis Larson 0-0: SINGLE (Line Drive, 9S)
Batting: RHB Tom Baker 0-0: Called Strike
0-1: Called Strike
0-2: Fly out, F9 (Flyball, 9S)
Batting: RHB Mike Lyon 0-0: Ball
1-0: Ball
2-0: Grounds into double play, 5-4-3 (Groundball, 5)
Top of the 1st over - 0 run(s), 1 hit(s), 0 error(s), 0 left on base; Bangor Trident Base 0 - Bloomington 0
BOTTOM OF THE 1ST
Bloomington Longnecks batting - Pitching for Bangor Trident Base Ogres : LHP Víctor Sánchez
Pitching: LHP Víctor Sánchez
Batting: RHB Darrell Terwey 0-0: Fly out, F7 (Flyball, 78D)
Batting: RHB Michael Hicks 0-0: Ball
1-0: Called Strike
1-1: Ground out 6-3 (Groundball, 6)
Batting: RHB Randy Galloway 0-0: Foul Ball, location: 2F
0-1: Ball
1-1: Fly out, F6 (Popup, 6)
Bottom of the 1st over - 0 run(s), 0 hit(s), 0 error(s), 0 left on base; Bangor Trident Base 0 - Bloomington 0
TOP OF THE 2ND
Bangor Trident Base Ogres batting - Pitching for Bloomington Longnecks : RHP Ron Stone
Batting: LHB Bernardo Elías 0-0: Called Strike
0-1: Ball
1-1: Ball
2-1: Ground out 3-1 (Groundball, 3)
Batting: RHB Bertrand Sunter 0-0: Ball
1-0: Foul Ball, location: 2F
1-1: SINGLE (Line Drive, 78S)
Batting: RHB Jeremy Christensen 0-0: Called Strike
0-1: Ball
1-1: Swinging Strike
1-2: Ball
2-2: Foul Ball, location: 2F
2-2: Strikes out swinging
Batting: RHB Augusto Rocha 0-0: Ground out 5-3 (Groundball, 5)
Top of the 2nd over - 0 run(s), 1 hit(s), 0 error(s), 1 left on base; Bangor Trident Base 0 - Bloomington 0
BOTTOM OF THE 2ND
Bloomington Longnecks batting - Pitching for Bangor Trident Base Ogres : LHP Víctor Sánchez
Batting: SHB Jared Jefferson 0-0: SINGLE (Flyball, 8RS)
Batting: LHB Joram Nelen 0-0: Called Strike
0-1: Ball
1-1: Fielders Choice at 2nd, 3-6 (Groundball, 3)
Batting: RHB Iván Ríos 0-0: Foul Ball, location: 2F
0-1: Fly out, F2 (Popup, 2LF)
Batting: RHB Lawrence Olsen 0-0: Foul Ball, location: 2F
0-1: Ball
1-1: Swinging Strike
1-2: Ball
2-2: Strikes out swinging
Bottom of the 2nd over - 0 run(s), 1 hit(s), 0 error(s), 1 left on base; Bangor Trident Base 0 - Bloomington 0
TOP OF THE 3RD
Bangor Trident Base Ogres batting - Pitching for Bloomington Longnecks : RHP Ron Stone
Batting: RHB Hubert Dodson 0-0: Ball
1-0: Foul Ball, location: 2F
1-1: Foul Ball, location: 2F
1-2: SINGLE (Flyball, 9LS)
Batting: SHB Bill Becker 0-0: Grounds into double play, 3-6-3 (Groundball, 3)
Batting: RHB Elvis Larson 0-0: Called Strike
0-1: Called Strike
0-2: Ground out 5-3 (Groundball, 5S)
Top of the 3rd over - 0 run(s), 1 hit(s), 0 error(s), 0 left on base; Bangor Trident Base 0 - Bloomington 0
BOTTOM OF THE 3RD
Bloomington Longnecks batting - Pitching for Bangor Trident Base Ogres : LHP Víctor Sánchez
Batting: RHB António Meléndez 0-0: Bunt missed!
0-1: Ball
1-1: Ball
2-1: Called Strike
2-2: Fly out, F9 (Flyball, 89M)
Batting: LHB Monte Pollard 0-0: Foul Ball, location: 2F
0-1: Called Strike
0-2: Ground out 4-3 (Groundball, 4M)
Batting: RHB Darrell Terwey 0-0: Ball
1-0: Called Strike
1-1: Ball
2-1: Called Strike
2-2: Ball
3-2: Fly out, F7 (Flyball, 78D)
Bottom of the 3rd over - 0 run(s), 0 hit(s), 0 error(s), 0 left on base; Bangor Trident Base 0 - Bloomington 0
TOP OF THE 4TH
Bangor Trident Base Ogres batting - Pitching for Bloomington Longnecks : RHP Ron Stone
Batting: RHB Tom Baker 0-0: Ball
1-0: Ground out 1-3 (Groundball, 13S)
Batting: RHB Mike Lyon 0-0: Foul Ball, location: 2F
0-1: Ball
1-1: Ball
2-1: DOUBLE (Groundball, 5L)
Batting: LHB Bernardo Elías 0-0: Foul Ball, location: 2F
0-1: Called Strike
0-2: Ball
1-2: Strikes out looking
Batting: RHB Bertrand Sunter 0-0: Foul Ball, location: 2F
0-1: Fly out, F6 (Popup, 6MD)
Top of the 4th over - 0 run(s), 1 hit(s), 0 error(s), 1 left on base; Bangor Trident Base 0 - Bloomington 0
BOTTOM OF THE 4TH
Bloomington Longnecks batting - Pitching for Bangor Trident Base Ogres : LHP Víctor Sánchez
Batting: RHB Michael Hicks 0-0: Fly out, F7 (Flyball, 7M)
Batting: RHB Randy Galloway 0-0: Ball
1-0: Ball
2-0: Ground out 5-3 (Groundball, 5)
Batting: SHB Jared Jefferson 0-0: Called Strike
0-1: Called Strike
0-2: Ball
1-2: Ball
2-2: Ball
3-2: Ground out 5-3 (Groundball, 56)
Bottom of the 4th over - 0 run(s), 0 hit(s), 0 error(s), 0 left on base; Bangor Trident Base 0 - Bloomington 0
TOP OF THE 5TH
Bangor Trident Base Ogres batting - Pitching for Bloomington Longnecks : RHP Ron Stone
Batting: RHB Jeremy Christensen 0-0: Called Strike
0-1: Ball
1-1: SINGLE (Line Drive, 6MD)
Batting: RHB Augusto Rocha 0-0: Bunt missed!
0-1: Sac Bunt - play at first, batter OUT! 1-4
Jeremy Christensen to second
Batting: RHB Hubert Dodson 0-0: Ball
1-0: Ground out 2-3 (Groundball, 25)
Jeremy Christensen to third
Batting: SHB Bill Becker 0-0: Swinging Strike
0-1: Ball
1-1: Ball
2-1: DOUBLE (Flyball, 89XD)
Jeremy Christensen scores
Batting: RHB Elvis Larson 0-0: Fly out, F3 (Popup, 3S)
Top of the 5th over - 1 run(s), 2 hit(s), 0 error(s), 1 left on base; Bangor Trident Base 1 - Bloomington 0
BOTTOM OF THE 5TH
Bloomington Longnecks batting - Pitching for Bangor Trident Base Ogres : LHP Víctor Sánchez
Batting: LHB Joram Nelen 0-0: Called Strike
0-1: Ball
1-1: Called Strike
1-2: Strikes out looking
Batting: RHB Iván Ríos 0-0: Called Strike
0-1: Ball
1-1: Foul Ball, location: 2F
1-2: Foul Ball, location: 2F
1-2: Strikes out looking
Batting: RHB Lawrence Olsen 0-0: Called Strike
0-1: Ground out 1-3 (Groundball, 13)
Bottom of the 5th over - 0 run(s), 0 hit(s), 0 error(s), 0 left on base; Bangor Trident Base 1 - Bloomington 0
TOP OF THE 6TH
Bangor Trident Base Ogres batting - Pitching for Bloomington Longnecks : RHP Ron Stone
Batting: RHB Tom Baker 0-0: Ball
1-0: Ball
2-0: Ball
3-0: Called Strike
3-1: Fly out, F9 (Flyball, 9LMF)
Batting: RHB Mike Lyon 0-0: Ball
1-0: Ball
2-0: Ball
3-0: Called Strike
3-1: Fly out, F4 (Popup, 4M)
Batting: LHB Bernardo Elías 0-0: Foul Ball, location: 2F
0-1: Called Strike
0-2: Strikes out swinging
Top of the 6th over - 0 run(s), 0 hit(s), 0 error(s), 0 left on base; Bangor Trident Base 1 - Bloomington 0
BOTTOM OF THE 6TH
Bloomington Longnecks batting - Pitching for Bangor Trident Base Ogres : LHP Víctor Sánchez
Batting: RHB António Meléndez 0-0: Ball
1-0: Ball
2-0: Ball
3-0: Called Strike
3-1: Base on Balls
Batting: LHB Monte Pollard 0-0: Ball
1-0: Sac Bunt - play at first, batter OUT! 5-4
António Meléndez to second
Batting: RHB Darrell Terwey 0-0: Ground out 5-3 (Groundball, 56)
Batting: RHB Michael Hicks 0-0: Called Strike
0-1: Foul Ball, location: 2F
0-2: Foul Ball, location: 2F
0-2: Ball
1-2: Foul Ball, location: 2F
1-2: SINGLE (Line Drive, 56)
António Meléndez to third
Runner from 3rd tries for Home, SAFE, no throw or cutoff
Batting: RHB Randy Galloway 0-0: Ball
1-0: Ball
2-0: Ball
3-0: Called Strike
3-1: Base on Balls
Michael Hicks to second
Batting: SHB Jared Jefferson 0-0: Ball
1-0: Fielders Choice at 2nd, 5-4 (Groundball, 56)
Bottom of the 6th over - 1 run(s), 1 hit(s), 0 error(s), 1 left on base; Bangor Trident Base 1 - Bloomington 1
TOP OF THE 7TH
Bangor Trident Base Ogres batting - Pitching for Bloomington Longnecks : RHP Ron Stone
Batting: RHB Bertrand Sunter 0-0: Called Strike
0-1: Foul Ball, location: 2F
0-2: Foul Ball, location: 2F
0-2: Foul Ball, location: 2F
0-2: Ball
1-2: Ball
2-2: Foul Ball, location: 2F
2-2: Ground out 6-3 (Groundball, 6M)
Batting: RHB Jeremy Christensen 0-0: Ball
1-0: Ball
2-0: Ball
3-0: Swinging Strike
3-1: Foul Ball, location: 2F
3-2: SINGLE (Line Drive, 4MD)
Pinch Hitting: RHB Sang-yeon Kim 0-0: Called Strike
0-1: Ball
1-1: Foul Ball, location: 2F
1-2: Ball
2-2: Ground out 3-1 (Groundball, 34S)
Jeremy Christensen to second
Batting: RHB Hubert Dodson 0-0: Swinging Strike
0-1: Ball
1-1: Fly out, F7 (Flyball, 7LMF)
Top of the 7th over - 0 run(s), 1 hit(s), 0 error(s), 1 left on base; Bangor Trident Base 1 - Bloomington 1
BOTTOM OF THE 7TH
Bloomington Longnecks batting - Pitching for Bangor Trident Base Ogres : LHP Víctor Sánchez
Now in LF: Geoff Tucker
Batting: LHB Joram Nelen 0-0: Ball
1-0: Called Strike
1-1: SOLO HOME RUN (Line Drive, 9D), Distance : 350 ft
Batting: RHB Iván Ríos 0-0: Ball
1-0: Ball
2-0: Ball
3-0: Called Strike
3-1: Foul Ball, location: 2F
3-2: Fly out, F9 (Line Drive, 89M)
Batting: RHB Lawrence Olsen 0-0: Ball
1-0: Fly out, F6 (Popup, 56)
Batting: RHB António Meléndez 0-0: Ball
1-0: SINGLE (Line Drive, 56)
Pinch Hitting: SHB Juan Gil 0-0: Ball
1-0: Fielders Choice at 2nd, U6 (Groundball, 6MD)
Bottom of the 7th over - 1 run(s), 2 hit(s), 0 error(s), 1 left on base; Bangor Trident Base 1 - Bloomington 2
TOP OF THE 8TH
Bangor Trident Base Ogres batting - Pitching for Bloomington Longnecks : RHP Ron Stone
Now at 3B: Jim Unknown
Batting: SHB Bill Becker 0-0: Ball
1-0: Ball
2-0: Ball
3-0: Called Strike
3-1: Ground out 4-3 (Groundball, 4)
Pitching: LHP Johnny Joyce
Batting: RHB Elvis Larson 0-0: Ball
1-0: Called Strike
1-1: SINGLE (Line Drive, 34)
Pitching: RHP Mark Bourg
Batting: RHB Tom Baker 0-0: Called Strike
0-1: Ball
1-1: Ball
2-1: Called Strike
2-2: Foul Ball, location: 2F
2-2: Strikes out swinging
Batting: RHB Mike Lyon 0-0: Ball
1-0: Ball
2-0: Called Strike
2-1: Foul Ball, location: 2F
2-2: Foul Ball, location: 2F
2-2: Foul Ball, location: 2F
2-2: Ball
3-2: Foul Ball, location: 2F
3-2: SINGLE (Groundball, 6D)
Elvis Larson to second
Elvis Larson to third
Pitching: LHP Wilson Castillo
Batting: LHB Bernardo Elías 0-0: Ball
1-0: Foul Ball, location: 2F
1-1: Ball
2-1: Foul Ball, location: 2F
2-2: Ball
3-2: Base on Balls
Mike Lyon to second
Pitching: RHP José Valenzuela
Batting: RHB Bertrand Sunter 0-0: Ball
1-0: Fly out, F9 (Flyball, 9LM)
Top of the 8th over - 0 run(s), 2 hit(s), 0 error(s), 3 left on base; Bangor Trident Base 1 - Bloomington 2
BOTTOM OF THE 8TH
Bloomington Longnecks batting - Pitching for Bangor Trident Base Ogres : LHP Víctor Sánchez
Batting: RHB Darrell Terwey 0-0: Ball
1-0: Called Strike
1-1: Foul Ball, location: 2F
1-2: Foul Ball, location: 2F
1-2: Strikes out swinging
Batting: RHB Michael Hicks 0-0: Called Strike
0-1: Ball
1-1: Ground out 5-3 (Groundball, 5L)
Batting: RHB Randy Galloway 0-0: Fly out, F9 (Flyball, 9S)
Bottom of the 8th over - 0 run(s), 0 hit(s), 0 error(s), 0 left on base; Bangor Trident Base 1 - Bloomington 2
TOP OF THE 9TH
Bangor Trident Base Ogres batting - Pitching for Bloomington Longnecks : RHP José Valenzuela
Pitching: RHP Vincente Ortíz
Batting: RHB Jeremy Christensen 0-0: Ground out 6-3 (Groundball, 6)
Batting: LHB Geoff Tucker 0-0: Ball
1-0: Ball
2-0: Called Strike
2-1: Ball
3-1: Swinging Strike
3-2: Strikes out looking
Batting: RHB Hubert Dodson 0-0: Ball
1-0: Ball
2-0: Called Strike
2-1: Swinging Strike
2-2: Fly out, F9 (Flyball, 9M)
Top of the 9th over - 0 run(s), 0 hit(s), 0 error(s), 0 left on base; Bangor Trident Base 1 - Bloomington 2
This league is powered by Out of the Park Baseball, the baseball management simulation game for PC, Mac and Linux
Friday, April 15th, 2016 - OOTP Baseball 16.9 Build 39